 Dungeon Crawl Stone Soup version 0.31-a0-187-gba352fbbf7 (webtiles) character file.

Game seed: 5096510650886789673

316 qw the Skirmisher (level 6, -11/35 HPs)
             Began as a Deep Elf Hunter on June 22, 2023.
             Mangled by Edmund
             ... wielding a +2 dire flail of holy wrath
              (15 damage)
             ... on level 4 of the Dungeon.
             The game lasted 00:00:54 (2228 turns).

qw the Skirmisher (Deep Elf Hunter)                 Turns: 2228, Time: 00:00:54

Health: -11/35     AC:  6    Str: 10    XL:     6   Next: 20%
Magic:  8/8        EV: 12    Int: 14    God:
Gold:   287        SH:  0    Dex: 18    Spells: 5/5 levels left

rFire   . . .        Y - +0 shortbow
rCold   . . .        (shield currently unavailable)
rNeg    . . .        f - +0 leather armour {rPois}
rPois   +            i - +0 helmet
rElec   .            (no cloak)
rCorr   .            g - +1 pair of gloves
SInv    .            (no boots)
Will    .....        c - amulet of regeneration
Stlth   ++           (no ring)
HPRegen 1.05/turn    (no ring)
MPRegen 0.11/turn

%: no passive effects
@: no status effects
A: no striking features
a: no special abilities


You were on level 4 of the Dungeon.
You visited 1 branch of the dungeon, and saw 4 of its levels.

You collected 287 gold pieces.


   Skills:
 - Level 2.0 Fighting
 + Level 9.5 Ranged Weapons
 - Level 3.0 Dodging
 - Level 1.2 Stealth


You had 5 spell levels left.
You didn't know any spells.
Your spell library was empty.

Inventory:

Hand Weapons
 Y - a +0 shortbow (weapon)
Armour
 a - a +0 pair of boots
 b - a +0 ring mail
 f - a +0 leather armour of poison resistance (worn)
 g - a +1 pair of gloves (worn)
 i - a +0 helmet (worn)
Jewellery
 c - an amulet of regeneration (around neck)
Wands
 o - a wand of digging (9)
Scrolls
 p - a scroll of immolation {unknown}
Potions
 e - 2 potions of haste
 h - a potion of might {unknown}
 j - 2 potions of curing
 k - a potion of berserk rage {unknown}
 l - a potion of degeneration {unknown}
 m - a potion of brilliance {unknown}
 n - a potion of lignification {unknown}

Dungeon Overview and Level Annotations

Branches:
Dungeon (4/15)
 Temple: D:4-7

Altars:

Annotations:
D:4 Edmund


Message History

Edmund hits you with a +2 dire flail of holy wrath.
2217 ||| DRINKING potion of heal wounds.
You feel much better. Edmund barely misses you.
You shoot an arrow. The arrow barely misses Edmund.
Edmund misses you.
You shoot an arrow. The arrow hits Edmund.
Edmund is heavily wounded.
Edmund completely misses you.
You shoot an arrow.
The arrow hits Edmund but does no damage.
Edmund is heavily wounded.
Edmund gestures with his flail.
Edmund hits you with a +2 dire flail of holy wrath!
You shoot an arrow. The arrow hits Edmund!
Edmund is heavily wounded.
Edmund hits you with a +2 dire flail of holy wrath!
You shoot an arrow. The arrow hits Edmund.
Edmund is severely wounded.
Edmund barely misses you.
You shoot an arrow. The arrow hits Edmund.
Edmund is almost dead.
Edmund hits you with a +2 dire flail of holy wrath!
You shoot an arrow.
The arrow hits Edmund but does no damage.
Edmund is almost dead.
Edmund hits you but does no damage.
You shoot an arrow. The arrow hits Edmund.
Edmund is almost dead.
Edmund barely misses you.
You shoot an arrow. The arrow hits Edmund.
Edmund is almost dead.
Edmund misses you.
You shoot an arrow. The arrow closely misses Edmund.
Edmund says, "Everyone always remembers my brother. 'Who's Edmund?' they ask!"
Edmund hits you with a +2 dire flail of holy wrath.
You shoot an arrow. The arrow hits Edmund.
Edmund is almost dead.
Edmund hits you with a +2 dire flail of holy wrath!
You die...

#. .## ######### ..####
#.......# #.#.. #
#.......# #.#.# #.###.
#.......# #.#.###......
#.......# #....@@......
#.......# #...#.#......
#.......####...#.##.###.
#...................#
############...####.
##..####.# ###.......#
###########.......###
.........##.##.##.#


You could see Edmund.

Vanquished Creatures
  Sigmund (D:3)
  A jelly (D:4)
  An orc wizard (D:3)
  3 adders
  2 worms (D:2)
  4 dart slugs
  5 orcs (D:3)
  6 bats
  4 endoplasms
  A giant cockroach (D:4)
  7 goblins
  6 hobgoblins
  2 jackals (D:1)
  4 kobolds
  A quokka (D:3)
  10 ball pythons
  2 frilled lizards
  6 rats
66 creatures vanquished.

Notes
Turn   | Place    | Note
-------+----------+-------------------------------------------
     0 | D:1      | qw the Deep Elf Hunter began the quest for the Orb.
     0 | D:1      | Reached XP level 1. HP: 12/12 MP: 3/3
     0 | D:1      | 0 ||| qw: Version: 0.3-a-9-g12657ce
     0 | D:1      | 0 ||| qw: Game counter: 2308
     0 | D:1      | 0 ||| qw: Always use a shield: true
     0 | D:1      | 0 ||| qw: God list: Okawaru
     0 | D:1      | 0 ||| qw: Allow faded altars: false
     0 | D:1      | 0 ||| qw: Do Orc after D:15 true
     0 | D:1      | 0 ||| qw: Do second Lair branch before Depths: true
     0 | D:1      | 0 ||| qw: Lair rune preference: random
     0 | D:1      | 0 ||| qw: Plans: Normal
     0 | D:1      | 0 ||| PLANNING D:1-11
    69 | D:1      | Reached skill level 6 in Ranged Weapons
    69 | D:1      | Reached XP level 2. HP: 16/16 MP: 4/4
   580 | D:1      | Reached XP level 3. HP: 20/20 MP: 5/5
   668 | D:1      | 668 ||| UPGRADING to +0 leather armour of poison
                  | resistance.
   678 | D:1      | 678 ||| DROPPING +0 leather armour.
   679 | D:1      | 679 ||| UPGRADING to +0 pair of gloves.
   684 | D:1      | 684 ||| DRINKING 2 black potions.
   685 | D:1      | 685 ||| DROPPING scroll of butterflies.
   888 | D:2      | Reached skill level 7 in Ranged Weapons
  1181 | D:2      | Found a faded altar of an unknown god.
  1297 | D:2      | Reached XP level 4. HP: 25/25 MP: 6/6
  1433 | D:2      | 1433 ||| UPGRADING to amulet of regeneration.
  1438 | D:2      | 1438 ||| READING scroll labelled BITIDWYIXI.
  1439 | D:2      | 1439 ||| READING scroll labelled ARODAV XIOCS.
  1440 | D:2      | 1440 ||| DRINKING 3 smoky black potions.
  1441 | D:2      | 1441 ||| DRINKING 2 amethyst potions.
  1462 | D:3      | Noticed Sigmund
  1472 | D:3      | Killed Sigmund
  1473 | D:3      | Reached skill level 9 in Ranged Weapons
  1473 | D:3      | Reached XP level 5. HP: 29/29 MP: 7/7
  1497 | D:3      | Reached skill level 3 in Dodging
  1561 | D:3      | Reached XP level 6. HP: 35/35 MP: 8/8
  2099 | D:3      | 2099 ||| UPGRADING to +0 helmet.
  2104 | D:3      | 2104 ||| READING 2 scrolls labelled ZUAXES DA YTZ.
  2105 | D:3      | 2105 ||| READING scroll of enchant armour.
  2105 | D:3      | 2105 ||| ENCHANTING +0 pair of gloves.
  2206 | D:4      | Noticed Edmund
  2216 | D:4      | HP: 8/35 [Edmund/+2 dire flail of holy wrath (2)]
  2217 | D:4      | 2217 ||| DRINKING potion of heal wounds.
  2223 | D:4      | HP: 3/35 [Edmund/+2 dire flail of holy wrath (11)]
  2228 | D:4      | Mangled by Edmund

Levels and vault maps discovered:
D:1:      saegor_arrival_simple_d, layout_basic
D:2:      layout_basic, shapermc_ecumenical_altar_hornbeckon,
          grunt_ministairs_7, minmay_three_crescents
D:3:      layout_loops_ring, uniq_sigmund
D:4:      layout_loops_cross, uniq_edmund, uniq_pikel

Skill      XL: |  1  2  3  4  5  6 |
---------------+-------------------+-----
Ranged Weapons | 6 7 9 |  9.5
Dodging        | 3 |  3.0
Fighting       | 2 |  2.0
Stealth        | |  1.2

Action                     |  1- 3 |  4- 6 || total
---------------------------+-------+-------++-------
   Fire: Shortbow          |   113 |   101 ||   214
    Use: Potion            |     1 |     3 ||     4
         Scroll            |       |     4 ||     4
 Armour: Leather armour    |     2 |     7 ||     9
  Dodge: Dodged            |     9 |    27 ||    36

Table legend:
 A = Non-vault XP
 B = Vault XP
 C = Vault XP percentage of total XP
 D = Non-vault monster count
 E = Vault monster count
 F = Vault count percentage of total count
                 A         B        C        D         E       F
            +---------+---------+-------+---------+---------+-------
      Total |     222 |     230 |  50.9 |      57 |       9 |  13.6
            +---------+---------+-------+---------+---------+-------
        D:1 |      45 |       0 |   0.0 |      22 |       0 |   0.0
        D:2 |      39 |      16 |  29.1 |      16 |       8 |  33.3
        D:3 |      93 |     214 |  69.7 |      17 |       1 |   5.6
        D:4 |      45 |       0 |   0.0 |       2 |       0 |   0.0
            +---------+---------+-------+---------+---------+-------
